[Event "24th Bosnjaci Open 2019"]
[Site "Bosnjaci"]
[Date "2019.01.04"]
[Round "2.1"]
[White "Kovacevic, Blazimir"]
[Black "Ivekovic, Tihana"]
[Result "1-0"]
[ECO "A07"]
[WhiteElo "2488"]
[BlackElo "2071"]
[Annotator "ChessBase"]
[PlyCount "145"]
[EventDate "2019.01.03"]
[EventType "swiss"]
[EventCountry "CRO"]
[SourceTitle "playchess.com"]
[Source "ChessBase"]
[SourceQuality "1"]
[TimeControl "5400+30"]

1. Nf3 d5 2. g3 Nf6 3. Bg2 e6 4. O-O Be7 5. d3 O-O 6. Nbd2 Nbd7 7. e4 dxe4 8. dxe4 e5 9. Qe2 c6 10. Nc4 Qc7 11. a4 Re8 12. b3 Bf8 13. Bb2 b6 14. Rfd1 Ba6 15. Nh4 Nc5 16. f3 Nfd7 17. Bf1 Bxc4 18. Qxc4 Ne6 19. Kh1 Rad8 20. b4 g6 21. c3 Bg7 22. Bc1 Ndf8 23. Be3 Rxd1 24. Rxd1 Re7 25. Qb3 Rd7 26. Ra1 Bf6 27. Ng2 Bg5 28. Bg1 Bd2 29. Ne3 Ng5 30. Kg2 Qd6 31. Rd1 Qe6 32. Qxe6 Ngxe6 33. b5 Bxe3 34. Rxd7 Nxd7 35. Bxe3 cxb5 36. axb5 Nec5 37. Kf2 Kf8 38. Ke1 Ke7 39. Kd2 Kd6 40. Bc4 Ne6 41. h4 f5 42. exf5 gxf5 43. g4 f4 44. Bg1 h6 45. Bd3 Nf6 46. Bf5 Ng7 47. Bg6 Ne6 48. Kd3 Kd5 49. Bf7 Kd6 50. Bg6 Kd5 51. c4+ Kd6 52. Kc3 Nd7 53. Bf5 Ndc5 54. Bf2 Ng7 55. Bg6 Nge6 56. Bc2 Nd7 57. Bh7 Nf6 58. Bf5 Ng7 59. Bc2 Ne6 60. Bg6 Nd7 61. Bf5 Ndc5 62. Bg1 Ng7 63. Bg6 Nge6 64. Bc2 Nd7 65. Bf2 Nf6 66. Bf5 Ng7 67. Bg6 Ne6 68. Kd3 Nd7 69. Ke4 Ng7 70. g5 hxg5 71. hxg5 Ke6 72. Bh7 Kf7 73. Bf5 1-0

[Event "24th Bosnjaci Open 2019"]
[Site "Bosnjaci"]
[Date "2019.01.04"]
[Round "2.2"]
[White "Lesic, Krunoslav"]
[Black "Zaja, Ivan"]
[Result "0-1"]
[ECO "B50"]
[WhiteElo "2067"]
[BlackElo "2458"]
[Annotator "ChessBase"]
[PlyCount "66"]
[EventDate "2019.01.03"]
[EventType "swiss"]
[EventCountry "CRO"]
[SourceTitle "playchess.com"]
[Source "ChessBase"]
[SourceQuality "1"]
[TimeControl "5400+30"]

1. e4 c5 2. Nf3 d6 3. c3 Nf6 4. Be2 Bd7 5. d3 Nc6 6. O-O g6 7. h3 Bg7 8. Nh2 d5 9. Qc2 O-O 10. f4 c4 11. e5 cxd3 12. Bxd3 Qb6+ 13. Qf2 Qxf2+ 14. Kxf2 Ne8 15. Re1 Nc7 16. Kg1 Ne6 17. Bc2 Rac8 18. Bb3 d4 19. Nf3 Rfd8 20. Rd1 Bh6 21. g3 Nc5 22. e6 Nxe6 23. cxd4 Ncxd4 24. Nxd4 Nxd4 25. Be3 Nxb3 26. axb3 Bxh3 27. Nc3 a6 28. Kf2 Be6 29. Bb6 Rxd1 30. Rxd1 Bg7 31. b4 Bf6 32. Kf3 h5 33. Ne4 Bg4+ 0-1

[Event "24th Bosnjaci Open 2019"]
[Site "Bosnjaci"]
[Date "2019.01.04"]
[Round "2.4"]
[White "Katic, Zeljko"]
[Black "Sale, Srdjan"]
[Result "0-1"]
[ECO "A06"]
[WhiteElo "2035"]
[BlackElo "2446"]
[Annotator "NA"]
[PlyCount "74"]
[EventDate "2019.01.03"]
[EventType "swiss"]
[EventCountry "CRO"]
[SourceTitle "playchess.com"]
[Source "ChessBase"]
[SourceQuality "1"]
[TimeControl "5400+30"]

1. Nf3 c5 2. b3 d5 3. Bb2 f6 4. d4 cxd4 5. Qxd4 Nc6 6. Qh4 e5 7. e4 Qa5+ 8. Nbd2 Nb4 9. Bd3 Nxd3+ 10. cxd3 Bb4 11. exd5 Ne7 12. a3 Bxd2+ 13. Nxd2 Qxd5 14. O-O Qxd3 15. Rad1 O-O 16. Ne4 Qxb3 17. Bc1 Nf5 18. Qh5 Qf7 19. Qe2 Be6 20. Qb2 Bd5 21. Nc3 Bc6 22. Rd3 Rfd8 23. Rh3 Qg6 24. f3 Rd3 25. Ne2 Rad8 26. Qc2 a6 27. a4 Qf7 28. Ng3 Ne7 29. Nh5 Ng6 30. Rg3 Qb3 31. Qxb3+ Rxb3 32. h4 Bxa4 33. Nxf6+ gxf6 34. h5 Be8 35. hxg6 hxg6 36. Rg4 g5 37. Re1 Kf7 0-1

[Event "24th Bosnjaci Open 2019"]
[Site "Bosnjaci"]
[Date "2019.01.04"]
[Round "2.5"]
[White "Rogulj, Branko"]
[Black "Jergovic, Andrija"]
[Result "1-0"]
[ECO "B09"]
[WhiteElo "2413"]
[BlackElo "2012"]
[Annotator "NA"]
[PlyCount "119"]
[EventDate "2019.01.03"]
[EventType "swiss"]
[EventCountry "CRO"]
[SourceTitle "playchess.com"]
[Source "ChessBase"]
[SourceQuality "1"]
[TimeControl "5400+30"]

1. e4 d6 2. d4 Nf6 3. Nc3 g6 4. f4 Bg7 5. Bd3 O-O 6. Nf3 c5 7. dxc5 dxc5 8. e5 Nd5 9. Nxd5 Qxd5 10. Qe2 Nc6 11. Be4 Qd7 12. O-O Qc7 13. Qf2 b6 14. Qh4 Bb7 15. c3 Rad8 16. Be3 f6 17. Rae1 Na5 18. Bxb7 Nxb7 19. f5 gxf5 20. Bf4 Qc6 21. exf6 exf6 22. Qh3 Rfe8 23. Rxe8+ Rxe8 24. Nh4 Nd6 25. Rd1 Re6 26. Qd3 Bf8 27. Nxf5 Nxf5 28. Qxf5 Qe4 29. Qg4+ Kh8 30. h3 Qe2 31. Qxe2 Rxe2 32. Rd8 Kg7 33. Bd2 Re7 34. Kf2 Kf7 35. Ra8 Rb7 36. Bf4 Be7 37. Kf3 Ke6 38. g4 Bd6 39. Bh6 Be5 40. Ke4 Rd7 41. h4 Bg3 42. h5 Be5 43. Re8+ Kf7 44. Rf8+ Ke6 45. g5 Rf7 46. Rxf7 Kxf7 47. Kd5 Bg3 48. gxf6 Kxf6 49. Kc6 Kf5 50. Bf8 Bf4 51. Kb7 b5 52. Kxa7 Bc1 53. b3 Kg5 54. h6 Kg6 55. Bxc5 Kxh6 56. a4 bxa4 57. bxa4 Kg5 58. a5 h5 59. a6 h4 60. Kb6 1-0

[Event "24th Bosnjaci Open 2019"]
[Site "Bosnjaci"]
[Date "2019.01.04"]
[Round "2.6"]
[White "Duda, Daniel"]
[Black "Ivekovic, Bozidar"]
[Result "0-1"]
[ECO "E47"]
[WhiteElo "1991"]
[BlackElo "2398"]
[Annotator "NA"]
[PlyCount "36"]
[EventDate "2019.01.03"]
[EventType "swiss"]
[EventCountry "CRO"]
[SourceTitle "playchess.com"]
[Source "ChessBase"]
[SourceQuality "1"]
[TimeControl "5400+30"]

1. d4 Nf6 2. c4 e6 3. Nc3 Bb4 4. e3 O-O 5. Bd3 d6 6. Nge2 e5 7. O-O Re8 8. Qc2 c6 9. b3 Qe7 10. f3 d5 11. cxd5 cxd5 12. Bxh7+ Kh8 13. Bf5 Nc6 14. Bd2 exd4 15. Nxd4 Nxd4 16. exd4 Bxc3 17. Rae1 Bxf5 18. Qxf5 Qb4 0-1

[Event "24th Bosnjaci Open 2019"]
[Site "Bosnjaci"]
[Date "2019.01.04"]
[Round "2.7"]
[White "Zufic, Miroslav"]
[Black "Radovic, Sinisa"]
[Result "1-0"]
[ECO "B08"]
[WhiteElo "2389"]
[BlackElo "1955"]
[Annotator "NA"]
[PlyCount "73"]
[EventDate "2019.01.03"]
[EventType "swiss"]
[EventCountry "CRO"]
[SourceTitle "playchess.com"]
[Source "ChessBase"]
[SourceQuality "1"]
[TimeControl "5400+30"]

1. e4 d6 2. d4 Nf6 3. Nc3 g6 4. Be3 Bg7 5. Nf3 c6 6. h3 h6 7. Qd2 b5 8. Bd3 Nbd7 9. O-O Nb6 10. b3 Nfd7 11. Ne2 Bb7 12. Rac1 a6 13. c4 Nc8 14. a4 e6 15. Ng3 bxc4 16. bxc4 c5 17. d5 a5 18. Rb1 Ba6 19. dxe6 fxe6 20. e5 Nf8 21. Qc2 Ne7 22. exd6 Nf5 23. Bxc5 Rc8 24. Ba3 Kf7 25. c5 Bxd3 26. Qxd3 Nd7 27. Rb7 Kg8 28. Nxf5 gxf5 29. Nd4 Qf6 30. Rxd7 Qxd4 31. Qe2 e5 32. Qa2+ Kh7 33. Qf7 Rhg8 34. Qxf5+ Kh8 35. Qg4 e4 36. Rd1 Qe5 37. Re7 1-0

[Event "24th Bosnjaci Open 2019"]
[Site "Bosnjaci"]
[Date "2019.01.04"]
[Round "2.8"]
[White "Pasalic, Adnan"]
[Black "Muratovic, Efim"]
[Result "0-1"]
[ECO "A43"]
[WhiteElo "1973"]
[BlackElo "2389"]
[Annotator "NA"]
[PlyCount "67"]
[EventDate "2019.01.03"]
[EventType "swiss"]
[EventCountry "CRO"]
[SourceTitle "playchess.com"]
[Source "ChessBase"]
[SourceQuality "1"]
[TimeControl "5400+30"]

1. d4 e6 2. c4 c5 3. d5 exd5 4. cxd5 d6 5. e4 Ne7 6. Bd3 Ng6 7. Ne2 Be7 8. O-O O-O 9. Nbc3 a6 10. a4 Bf6 11. Kh1 Re8 12. a5 Ne5 13. f4 Nxd3 14. Qxd3 Bg4 15. Bd2 Bxe2 16. Qxe2 Nd7 17. Qf3 Qe7 18. Rae1 Bd4 19. Re2 f6 20. Rfe1 Rab8 21. Qd3 Qf7 22. Na4 f5 23. exf5 Rxe2 24. Qxe2 Nf6 25. Qe6 Re8 26. Qxd6 Ne4 27. Rxe4 Rxe4 28. Nxc5 Bxc5 29. Qxc5 Qxf5 30. h3 h5 31. Kg1 Re2 32. Bb4 Qe4 33. Bc3 Qe7 34. Bd2 0-1

[Event "24th Bosnjaci Open 2019"]
[Site "Bosnjaci"]
[Date "2019.01.04"]
[Round "2.9"]
[White "Beletic, Daniel"]
[Black "Golubicic, Luka"]
[Result "1-0"]
[ECO "D02"]
[WhiteElo "2371"]
[BlackElo "1933"]
[Annotator "NA"]
[PlyCount "49"]
[EventDate "2019.01.03"]
[EventType "swiss"]
[EventCountry "CRO"]
[SourceTitle "playchess.com"]
[Source "ChessBase"]
[SourceQuality "1"]
[TimeControl "5400+30"]

1. d4 d5 2. Bf4 e6 3. e3 Nf6 4. Nd2 c5 5. c3 Nc6 6. Ngf3 Be7 7. Ne5 Nxe5 8. dxe5 Nd7 9. h4 Qc7 10. Qg4 O-O 11. Nf3 Re8 12. Bd3 Qb6 13. Rb1 f5 14. Qh5 g6 15. Qh6 Bf8 16. Qg5 Qd8 17. Qg3 Bg7 18. h5 Nf8 19. hxg6 Nxg6 20. Qh3 Nxf4 21. exf4 h6 22. g4 fxg4 23. Qxg4 Rf8 24. Rxh6 Rxf4 25. Qxf4 1-0

[Event "24th Bosnjaci Open 2019"]
[Site "Bosnjaci"]
[Date "2019.01.04"]
[Round "2.10"]
[White "Jelic, Ivan"]
[Black "Klasan, Vladimir"]
[Result "0-1"]
[ECO "B01"]
[WhiteElo "1937"]
[BlackElo "2364"]
[Annotator "NA"]
[PlyCount "120"]
[EventDate "2019.01.03"]
[EventType "swiss"]
[EventCountry "CRO"]
[SourceTitle "playchess.com"]
[Source "ChessBase"]
[SourceQuality "1"]
[TimeControl "5400+30"]

1. e4 d5 2. exd5 Qxd5 3. Nc3 Qd6 4. d4 Nf6 5. Nf3 a6 6. Ne5 Nc6 7. Nxc6 Qxc6 8. d5 Qd6 9. g3 Bg4 10. Qd3 Qe5+ 11. Be2 O-O-O 12. f3 Bf5 13. Bf4 Bxd3 14. Bxe5 Bxe2 15. Kxe2 Nxd5 16. Rhd1 e6 17. Rd3 f6 18. Nxd5 exd5 19. Bc3 h5 20. a4 h4 21. g4 Re8+ 22. Kf1 h3 23. Rxd5 Bd6 24. Rd2 Bf4 25. Rf2 Be3 26. Re2 Bf4 27. Rae1 Rxe2 28. Rxe2 Rd8 29. Ke1 Kd7 30. Bd2 Be5 31. c3 Kc6 32. f4 Bd6 33. Kf2 Kd5 34. b3 b5 35. axb5 axb5 36. Kg3 Rh8 37. Kf3 Ra8 38. Be3 c5 39. Rd2+ Kc6 40. Kg3 Re8 41. Kf3 Ra8 42. Kg3 g5 43. Kxh3 gxf4 44. Bg1 f3 45. g5 f5 46. Bf2 Bf4 47. Rd3 Rh8+ 48. Bh4 Bxg5 49. Rxf3 Rxh4+ 50. Kg3 Rg4+ 51. Kh3 Rf4 52. Rg3 Rh4+ 53. Kg2 Rg4 54. Rxg4 fxg4 55. Kg3 Bf6 56. c4 Be5+ 57. Kxg4 Bxh2 58. Kf5 bxc4 59. bxc4 Kb6 60. Ke4 Ka5 0-1

[Event "24th Bosnjaci Open 2019"]
[Site "Bosnjaci"]
[Date "2019.01.04"]
[Round "2.11"]
[White "Zovko, Mario"]
[Black "Dejanovic, Tereza"]
[Result "1-0"]
[ECO "C14"]
[WhiteElo "2318"]
[BlackElo "1916"]
[Annotator "NA"]
[PlyCount "95"]
[EventDate "2019.01.03"]
[EventType "swiss"]
[EventCountry "CRO"]
[SourceTitle "playchess.com"]
[Source "ChessBase"]
[SourceQuality "1"]
[TimeControl "5400+30"]

1. d4 d5 2. Nc3 Nf6 3. Bg5 e6 4. e4 Be7 5. e5 Nfd7 6. Bxe7 Qxe7 7. f4 a6 8. Nf3 c5 9. Qd2 Nc6 10. dxc5 Nxc5 11. Bd3 b5 12. a3 Bb7 13. Ne2 Rc8 14. O-O Nxd3 15. cxd3 O-O 16. Rac1 Rc7 17. Ned4 Rfc8 18. Nxc6 Rxc6 19. Nd4 R6c7 20. b4 Qd7 21. h3 h6 22. g4 Qe7 23. Kg2 Qh4 24. Rxc7 Rxc7 25. Kh2 Qd8 26. Rc1 Qc8 27. Rxc7 Qxc7 28. Qc2 Qe7 29. Kg3 g5 30. fxg5 Qxg5 31. Nf3 Qd8 32. d4 a5 33. Qc5 axb4 34. axb4 Qd7 35. Kf4 Kg7 36. h4 Qe8 37. Ne1 Bc8 38. Nd3 Qd8 39. Kg3 Qe8 40. Nf4 Bd7 41. Nh5+ Kh8 42. Qc1 Qf8 43. Nf6 Bc8 44. g5 hxg5 45. hxg5 Kg7 46. Nh5+ Kg6 47. Kg4 f5+ 48. gxf6 1-0

[Event "24th Bosnjaci Open 2019"]
[Site "Bosnjaci"]
[Date "2019.01.04"]
[Round "2.12"]
[White "Golub, Nikolina"]
[Black "Muha, Miljenko"]
[Result "0-1"]
[ECO "D37"]
[WhiteElo "1925"]
[BlackElo "2310"]
[Annotator "NA"]
[PlyCount "90"]
[EventDate "2019.01.03"]
[EventType "swiss"]
[EventCountry "CRO"]
[SourceTitle "playchess.com"]
[Source "ChessBase"]
[SourceQuality "1"]
[TimeControl "5400+30"]

1. d4 d5 2. c4 e6 3. cxd5 exd5 4. Nc3 a6 5. Nf3 Nf6 6. Bf4 Bd6 7. Bxd6 Qxd6 8. e3 Bf5 9. Bd3 Bxd3 10. Qxd3 Nbd7 11. O-O O-O 12. Rac1 Rfe8 13. Rfe1 c6 14. b3 Nf8 15. h3 Ng6 16. Na4 Ne4 17. Qc2 Re7 18. Nc5 Rae8 19. Nd3 Nf8 20. Nd2 Qh6 21. Nxe4 Rxe4 22. Ne5 Ng6 23. Nxg6 hxg6 24. Qd2 g5 25. f3 R4e7 26. Re2 Qd6 27. Kf2 f5 28. Rce1 g6 29. Qd3 Kg7 30. g3 Qe6 31. Kg2 Rh8 32. g4 fxg4 33. hxg4 Qf6 34. Rf2 Ree8 35. Rh1 Rxh1 36. Kxh1 Qe6 37. Re2 Qd6 38. Rh2 Qg3 39. Qe2 Rf8 40. e4 Rxf3 41. exd5 Re3 42. Rg2 Qh4+ 43. Kg1 Rxe2 44. Rxe2 Qxg4+ 45. Kf1 Qf3+ 0-1

[Event "24th Bosnjaci Open 2019"]
[Site "Bosnjaci"]
[Date "2019.01.04"]
[Round "2.13"]
[White "Bekcic, Martin"]
[Black "Stocko, Josip"]
[Result "0-1"]
[ECO "D02"]
[WhiteElo "1898"]
[BlackElo "2282"]
[Annotator "NA"]
[PlyCount "86"]
[EventDate "2019.01.03"]
[EventType "swiss"]
[EventCountry "CRO"]
[SourceTitle "playchess.com"]
[Source "ChessBase"]
[SourceQuality "1"]
[TimeControl "5400+30"]

1. d4 Nf6 2. Bf4 e6 3. e3 Be7 4. Nf3 b6 5. Bd3 Bb7 6. h3 O-O 7. O-O d5 8. Nbd2 c5 9. c3 Nbd7 10. Ne5 a6 11. Qf3 b5 12. Rfe1 Rc8 13. Rac1 Nb6 14. Bb1 b4 15. b3 bxc3 16. Rxc3 cxd4 17. Rxc8 Nxc8 18. exd4 Nd6 19. Rc1 Qb6 20. Qd3 Nf5 21. Ndf3 Ba3 22. Rc2 Re8 23. g4 Nd6 24. Qe3 a5 25. Nd3 Nfe4 26. Nc5 f6 27. Na4 Qd8 28. Nc5 e5 29. Nxb7 exf4 30. Qd3 Nxb7 31. Qb5 Nbd6 32. Qxd5+ Kh8 33. Kg2 Bb4 34. Rc1 Qe7 35. Bd3 Nxf2 36. Bc4 Qe3 37. Rf1 Nd3 38. Bxd3 Qxd3 39. Rf2 Qb5 40. Qxb5 Nxb5 41. Rc2 g5 42. Kf2 Re3 43. Rc6 Rxf3+ 0-1

[Event "24th Bosnjaci Open 2019"]
[Site "Bosnjaci"]
[Date "2019.01.04"]
[Round "2.14"]
[White "Goric, Esad"]
[Black "Ljubicic, Mario"]
[Result "1-0"]
[ECO "A48"]
[WhiteElo "2260"]
[BlackElo "1886"]
[Annotator "NA"]
[PlyCount "155"]
[EventDate "2019.01.03"]
[EventType "swiss"]
[EventCountry "CRO"]
[SourceTitle "playchess.com"]
[Source "ChessBase"]
[SourceQuality "1"]
[TimeControl "5400+30"]

1. Nf3 Nf6 2. b3 d6 3. d4 g6 4. Bb2 Bg7 5. e3 O-O 6. Be2 Nbd7 7. O-O Ne4 8. c4 e5 9. Qc2 f5 10. dxe5 dxe5 11. Rd1 Qe8 12. Nfd2 Ndf6 13. Nc3 Nxc3 14. Bxc3 Bd7 15. Nf3 Ne4 16. Bb2 c5 17. Nd2 Ng5 18. Nf3 Ne4 19. Ne1 Bc6 20. Bf3 Qe7 21. g3 h6 22. Bg2 Kh7 23. Rac1 Rac8 24. Nf3 Rfd8 25. Ba1 Bh8 26. Bb2 Bg7 27. Qb1 Bh8 28. Qa1 Re8 29. Nd2 Ng5 30. Bxc6 Rxc6 31. h4 Nf7 32. Nf3 g5 33. e4 f4 34. h5 Qe6 35. Kg2 Qg4 36. Nh2 Qxh5 37. g4 f3+ 38. Kh1 Qh3 39. Rg1 Rf6 40. Rc3 h5 41. Rg3 Qh4 42. Rcxf3 Rxf3 43. Rxf3 Kg6 44. Qg1 hxg4 45. Qxg4 Qxg4 46. Nxg4 Re6 47. Rd3 Nd6 48. f3 a6 49. Rd5 Kh5 50. Bxe5 Bxe5 51. Nxe5 b6 52. Kg2 Kh4 53. Kf2 g4 54. Nxg4 Nxe4+ 55. fxe4 Kxg4 56. Ke3 a5 57. Rd2 Kg5 58. Rf2 Re7 59. Rg2+ Kf6 60. Kf4 Rf7 61. e5+ Ke7+ 62. Ke4 Rf1 63. Kd5 Rd1+ 64. Kc6 Re1 65. Kxb6 a4 66. Kxc5 axb3 67. axb3 Rxe5+ 68. Kb6 Kd7 69. Rg7+ Kc8 70. b4 Re6+ 71. Kb5 Rf6 72. c5 Rh6 73. c6 Kb8 74. Kb6 Rh8 75. b5 Rf8 76. Rd7 Ka8 77. Ra7+ Kb8 78. c7+ 1-0

[Event "24th Bosnjaci Open 2019"]
[Site "Bosnjaci"]
[Date "2019.01.04"]
[Round "2.15"]
[White "Dinic, Nenad"]
[Black "Andrijevic, Milan"]
[Result "0-1"]
[ECO "B54"]
[WhiteElo "1881"]
[BlackElo "2244"]
[Annotator "NA"]
[PlyCount "94"]
[EventDate "2019.01.03"]
[EventType "swiss"]
[EventCountry "CRO"]
[SourceTitle "playchess.com"]
[Source "ChessBase"]
[SourceQuality "1"]
[TimeControl "5400+30"]

1. e4 c5 2. Nf3 e6 3. d4 cxd4 4. Nxd4 a6 5. c4 Nf6 6. Nc3 d6 7. Be2 Be7 8. O-O O-O 9. Be3 Nc6 10. Nxc6 bxc6 11. Qd2 Qc7 12. Rac1 e5 13. h3 Be6 14. Qc2 Qb7 15. b3 Nd7 16. f3 Nc5 17. Rcd1 Rfd8 18. Rd2 a5 19. Rb1 h6 20. Rdd1 Bg5 21. Bxg5 hxg5 22. Qd2 f6 23. Qe3 Bf7 24. Bf1 Ne6 25. Rd2 Qa7 26. Qxa7 Rxa7 27. Rbd1 Nd4 28. Ne2 c5 29. Nc3 Be8 30. Nb5 Rb7 31. a4 g6 32. Rb1 Bc6 33. Bd3 Kf7 34. Kf2 Ke6 35. g4 Rh7 36. Kg3 Rf7 37. Rf2 f5 38. Nxd4+ cxd4 39. b4 fxe4 40. fxe4 Rxf2 41. Kxf2 Rf8+ 42. Kg3 axb4 43. Rxb4 Rf4 44. a5 Bxe4 45. Bxe4 Rxe4 46. Ra4 d3 47. Ra2 Rd4 0-1

[Event "24th Bosnjaci Open 2019"]
[Site "Bosnjaci"]
[Date "2019.01.04"]
[Round "2.16"]
[White "Sipic, Hrvoje"]
[Black "Tadic, Drago"]
[Result "1-0"]
[ECO "D02"]
[WhiteElo "2213"]
[BlackElo "1880"]
[Annotator "NA"]
[PlyCount "33"]
[EventDate "2019.01.03"]
[EventType "swiss"]
[EventCountry "CRO"]
[SourceTitle "playchess.com"]
[Source "ChessBase"]
[SourceQuality "1"]
[TimeControl "5400+30"]

1. d4 d5 2. Nf3 Bg4 3. Ne5 Bf5 4. g4 Bg6 5. h4 f6 6. Nxg6 hxg6 7. Qd3 g5 8. Qb5+ Qd7 9. Qxb7 Qc6 10. Qc8+ Kf7 11. Qf5 Nh6 12. Qf3 gxh4 13. Rxh4 Kg8 14. Bg2 e6 15. Nc3 Nf7 16. Rxh8+ Nxh8 17. Nxd5 1-0

[Event "24th Bosnjaci Open 2019"]
[Site "Bosnjaci"]
[Date "2019.01.04"]
[Round "2.17"]
[White "Turicar, Goran"]
[Black "Ljikar, Zoran"]
[Result "0-1"]
[ECO "B40"]
[WhiteElo "1862"]
[BlackElo "2207"]
[Annotator "NA"]
[PlyCount "72"]
[EventDate "2019.01.03"]
[EventType "swiss"]
[EventCountry "CRO"]
[SourceTitle "playchess.com"]
[Source "ChessBase"]
[SourceQuality "1"]
[TimeControl "5400+30"]

1. e4 c5 2. Nf3 e6 3. c3 Nf6 4. d3 d5 5. e5 Nfd7 6. Be2 Nc6 7. d4 Be7 8. O-O O-O 9. Bd3 f6 10. Bf4 fxe5 11. Bxe5 Ndxe5 12. dxe5 c4 13. Bc2 Bd7 14. Re1 b5 15. Nd4 Nxd4 16. cxd4 g6 17. Qg4 Qe8 18. Nc3 b4 19. Ne2 Qf7 20. Rf1 a5 21. h4 Kh8 22. f4 a4 23. Rf3 b3 24. Bb1 a3 25. axb3 axb2 26. Rxa8 Rxa8 27. bxc4 Ra1 28. Rf1 dxc4 29. Nc3 Bb4 30. Na2 Bd2 31. Qf3 c3 32. Qe4 Kg7 33. g3 Rxb1 34. Qxb1 Qf5 35. Nxc3 Bxc3 36. Qa2 Qd3 0-1

[Event "24th Bosnjaci Open 2019"]
[Site "Bosnjaci"]
[Date "2019.01.04"]
[Round "2.18"]
[White "Klasan, Elvis"]
[Black "Cvitan, Ena"]
[Result "1/2-1/2"]
[ECO "B13"]
[WhiteElo "1861"]
[BlackElo "2201"]
[Annotator "NA"]
[PlyCount "121"]
[EventDate "2019.01.03"]
[EventType "swiss"]
[EventCountry "CRO"]
[SourceTitle "playchess.com"]
[Source "ChessBase"]
[SourceQuality "1"]
[TimeControl "5400+30"]

1. e4 c6 2. Nf3 d5 3. exd5 cxd5 4. d4 Nc6 5. Ne5 Nf6 6. Bb5 Bd7 7. Nxd7 Qxd7 8. c3 e6 9. O-O Bd6 10. Nd2 Qc7 11. Nf3 a6 12. Bd3 Ne4 13. h3 h6 14. Bxe4 dxe4 15. Nd2 f5 16. Qh5+ Qf7 17. Qxf7+ Kxf7 18. Nc4 Bc7 19. f3 b5 20. Ne5+ Nxe5 21. dxe5 exf3 22. Rxf3 Bxe5 23. Bf4 Bf6 24. Rd3 Rhd8 25. Rad1 Rxd3 26. Rxd3 Rd8 27. Rxd8 Bxd8 28. Kf2 Bf6 29. Ke2 e5 30. Be3 Ke6 31. Kd3 Kd5 32. b3 e4+ 33. Kc2 h5 34. a4 g5 35. axb5 axb5 36. g3 g4 37. hxg4 fxg4 38. Bf2 Be5 39. Be1 Ke6 40. Kd2 Kf5 41. Ke2 h4 42. gxh4 g3 43. Kf1 Kg4 44. Kg2 Kxh4 45. c4 bxc4 46. bxc4 Kg4 47. c5 e3 48. c6 e2 49. Bd2 Bc7 50. Be1 Bf4 51. Bc3 Kf5 52. Kf3 Be5 53. Be1 g2 54. Kxg2 Ke4 55. Ba5 Ke3 56. Bb6+ Kd2 57. Ba5+ Kd1 58. Kf3 Bc7 59. Bb4 Bd6 60. Ba5 Be5 61. Bb4 1/2-1/2

[Event "24th Bosnjaci Open 2019"]
[Site "Bosnjaci"]
[Date "2019.01.04"]
[Round "2.19"]
[White "Babic, Zvonko"]
[Black "Pejic, Ivo"]
[Result "1/2-1/2"]
[ECO "A05"]
[WhiteElo "2190"]
[BlackElo "1845"]
[Annotator "NA"]
[PlyCount "112"]
[EventDate "2019.01.03"]
[EventType "swiss"]
[EventCountry "CRO"]
[SourceTitle "playchess.com"]
[Source "ChessBase"]
[SourceQuality "1"]
[TimeControl "5400+30"]

1. Nf3 d6 2. g3 Nf6 3. Bg2 g6 4. O-O Bg7 5. c4 Nbd7 6. Nc3 a6 7. d3 c5 8. Rb1 Rb8 9. a3 Qc7 10. Bd2 b6 11. b4 O-O 12. Qb3 e6 13. Rfc1 Ng4 14. h3 Ngf6 15. Qa2 Bb7 16. a4 e5 17. a5 cxb4 18. axb6 Nxb6 19. Rxb4 Nbd7 20. Rcb1 Nc5 21. Qb2 Nfd7 22. Qc2 Rfe8 23. e4 Rf8 24. Nd5 Bxd5 25. cxd5 Rxb4 26. Rxb4 Qa5 27. Kh2 Qc7 28. d4 exd4 29. Nxd4 Bxd4 30. Rxd4 Re8 31. Rb4 a5 32. Ra4 Ra8 33. Qc3 Qd8 34. Rxa5 Rxa5 35. Qxa5 Qe7 36. Qc7 Qe5 37. Bf4 Qb2 38. Bxd6 Qxf2 39. Bf4 Kg7 40. Qa7 h6 41. Qa1+ Kh7 42. Bxh6 f6 43. Bf4 g5 44. Bd6 Nxe4 45. Qb1 f5 46. Qb7 Nef6 47. Qc7 Kg6 48. Qc6 f4 49. Qc4 Qxg3+ 50. Kg1 Qe1+ 51. Qf1 Qxf1+ 52. Kxf1 Kf5 53. Ke2 Ne5 54. Be7 f3+ 55. Bxf3 Nxf3 56. Kxf3 Nxd5 1/2-1/2

[Event "24th Bosnjaci Open 2019"]
[Site "Bosnjaci"]
[Date "2019.01.04"]
[Round "2.20"]
[White "Kolanovic, Kazimir"]
[Black "Lazor, Vladimir"]
[Result "1/2-1/2"]
[ECO "E81"]
[WhiteElo "1851"]
[BlackElo "2164"]
[Annotator "NA"]
[PlyCount "108"]
[EventDate "2019.01.03"]
[EventType "swiss"]
[EventCountry "CRO"]
[SourceTitle "playchess.com"]
[Source "ChessBase"]
[SourceQuality "1"]
[TimeControl "5400+30"]

1. d4 Nf6 2. c4 g6 3. Nc3 Bg7 4. e4 d6 5. f3 O-O 6. Be3 a6 7. Qd2 c6 8. Bd3 e5 9. Nge2 Nbd7 10. O-O Qe7 11. Rac1 exd4 12. Nxd4 Re8 13. Rfe1 Ne5 14. Bf1 Bd7 15. Nb3 Be6 16. Nb1 b5 17. Na3 Rac8 18. Nd4 Bd7 19. Kh1 c5 20. Nb3 b4 21. Nb1 Be6 22. Qc2 Nc6 23. Rcd1 a5 24. Nc1 Nd7 25. Ne2 Nb6 26. b3 Rcd8 27. a4 bxa3 28. Nxa3 Nb4 29. Qc1 a4 30. bxa4 Nxa4 31. Bg5 f6 32. Bf4 f5 33. Bg5 Bf6 34. Bxf6 Qxf6 35. Rd2 fxe4 36. fxe4 Bg4 37. Ng3 Nc6 38. Nb5 Nb6 39. Qb2 Qxb2 40. Rxb2 Nc8 41. Nc7 Rf8 42. h3 Bd7 43. Kg1 N8e7 44. Ne2 Ne5 45. Nc3 Bc6 46. Ne6 Rb8 47. Rd2 Rf6 48. Nc7 Rb4 49. N3b5 Nxc4 50. Bxc4+ Rxc4 51. Nxd6 Rd4 52. Rxd4 cxd4 53. e5 Rf8 54. Ne6 Ra8 1/2-1/2

[Event "24th Bosnjaci Open 2019"]
[Site "Bosnjaci"]
[Date "2019.01.04"]
[Round "2.21"]
[White "Jelecevic, Ivo"]
[Black "Krso, Enver"]
[Result "1-0"]
[ECO "B38"]
[WhiteElo "2112"]
[BlackElo "1840"]
[Annotator "NA"]
[PlyCount "33"]
[EventDate "2019.01.03"]
[EventType "swiss"]
[EventCountry "CRO"]
[SourceTitle "playchess.com"]
[Source "ChessBase"]
[SourceQuality "1"]
[TimeControl "5400+30"]

1. e4 c5 2. Nf3 Nc6 3. d4 cxd4 4. Nxd4 g6 5. c4 Bg7 6. Be3 Nf6 7. Nc3 O-O 8. Be2 d6 9. O-O Bd7 10. Rc1 b6 11. a3 Qc8 12. f3 Ne5 13. Nd5 Nc6 14. Nxc6 Nxd5 15. cxd5 Bxc6 16. Rxc6 Qd8 17. Bd4 1-0

[Event "24th Bosnjaci Open 2019"]
[Site "Bosnjaci"]
[Date "2019.01.04"]
[Round "2.22"]
[White "Novosad, Ivan"]
[Black "Boban, Sten"]
[Result "0-1"]
[ECO "E90"]
[WhiteElo "1840"]
[BlackElo "2105"]
[Annotator "NA"]
[PlyCount "70"]
[EventDate "2019.01.03"]
[EventType "swiss"]
[EventCountry "CRO"]
[SourceTitle "playchess.com"]
[Source "ChessBase"]
[SourceQuality "1"]
[TimeControl "5400+30"]

1. c4 Nf6 2. Nc3 g6 3. Nf3 Bg7 4. d4 d6 5. h3 Nbd7 6. e4 e5 7. dxe5 dxe5 8. Bg5 h6 9. Be3 O-O 10. Qc2 c6 11. Rd1 Qe7 12. Qd2 Nc5 13. Qc2 Nh5 14. Qd2 Nf6 15. Qc2 a5 16. Nh2 Be6 17. Be2 Nfd7 18. g4 a4 19. b4 axb3 20. axb3 Ra3 21. Rb1 Rfa8 22. Nf3 Na6 23. Na4 Nb4 24. Qc1 Ra2 25. Rb2 Rxb2 26. Qxb2 Ra5 27. O-O f5 28. Nd2 f4 29. Bb6 Rxa4 30. bxa4 Nxb6 31. Rb1 c5 32. a5 Nd7 33. Nb3 Bf8 34. Qa3 h5 35. Qa4 Qh4 0-1